 Dungeon Sprint DCSS version 0.29-a0-284-gf9362112df (webtiles) character file.

Game seed: 6220165998006781951

478 mhtbhm the Carver (level 6, 0/68 HPs)
             Began as a Minotaur Berserker on Mar 30, 2022.
             Was an Elder of Trog.
             Slain by a fire elemental (13 damage)
             ... summoned by a deep elf pyromancer
             ... in the Dungeon (Sprint III: "The Ten Rune Challenge").
             The game lasted 00:01:15 (624 turns).

mhtbhm the Carver (Minotaur Berserker)               Turns: 624, Time: 00:01:15

Health: 0/68       AC:  7    Str: 24    XL:     6   Next: 86%
Magic:  5/5        EV: 11    Int:  2    God:    Trog [****..]
Gold:   26         SH:  0    Dex:  9    Spells: 5/5 levels left

rFire   . . .      SeeInvis .   a - +0 falchion
rCold   . . .      Faith    .   (no shield)
rNeg    . . .      Spirit   .   b - +0 scale mail
rPois   .          Reflect  .   (helmet unavailable)
rElec   .          Harm     .   (no cloak)
rCorr   .          Rampage  .   (no gloves)
Will    .....      NoTele   +   (no boots)
Stlth   ..........              (no amulet)
HPRegen 0.21/turn               (no ring)
MPRegen 0.09/turn               (no ring)

@: on fire, glowing
A: horns 3, retaliatory headbutt, dopey 1
a: Renounce Religion, Berserk, Trog's Hand, Brothers in Arms


You were in the Dungeon.
You worshipped Trog.
Trog was greatly pleased with you.
You visited 1 branch You collected 26 gold pieces.

Inventory:

Hand Weapons
 a - a +0 falchion (weapon)
Armour
 b - a +0 scale mail (worn)
Jewellery
 i - a ring of fire
Scrolls
 c - 4 scrolls of identify
 h - a scroll of blinking
 k - a scroll of torment {unknown}
 n - a scroll of immolation {unknown}
Potions
 e - a potion of haste
 f - 2 potions of magic
 g - 2 potions of berserk rage
 l - 2 potions of curing
 m - 2 potions of might
 o - 2 potions of flight


   Skills:
 + Level 11.3 Fighting
 + Level 11.6 Long Blades
 + Level 5.7 Armour
 + Level 6.2 Dodging
 + Level 0.6 Stealth


You had 5 spell levels left.
You didn't know any spells.
Your spell library was empty.

Dungeon Overview and Level Annotations

Branches:
Dungeon (1/1)

Altars:
Dithmenos
Elyvilon
Okawaru
Ru
Trog
Uskayaw
Wu Jian
Yredelemnul
Zin
The Shining One
Beogh


Innate Abilities, Weirdness & Mutations

You have a pair of large horns on your head.
You reflexively headbutt those who attack you in melee.
You are dopey. (Int -2)


Message History

Unknown command.
You aren't carrying any items that you can evoke.
Unknown command.
You hit the deep elf pyromancer.
The deep elf pyromancer is almost dead.
The fire elemental hits you. The fire elemental burns you!
* * * LOW HITPOINT WARNING * * *
The deep elf pyromancer completely misses you.
Unknown command.
Press: ? - help, v - describe, . - travel The floor.
You closely miss the deep elf pyromancer.
Your headbutt misses the deep elf pyromancer.
The deep elf pyromancer is almost dead.
The fire elemental closely misses you.
The deep elf pyromancer barely misses you.
You closely miss the deep elf pyromancer.
You headbutt the deep elf pyromancer.
The deep elf pyromancer is almost dead.
The fire elemental misses you.
You hit the deep elf pyromancer.
Your headbutt misses the deep elf pyromancer.
The deep elf pyromancer is almost dead.
The fire elemental hits you. The fire elemental burns you!
* * * LOW HITPOINT WARNING * * *
The deep elf pyromancer points at you and mumbles some strange words.
The sticky flame hits you.
You are covered in liquid flames!
* * * LOW HITPOINT WARNING * * *
Unknown command.
You feel much better.
You are covered in liquid flames!
The fire elemental hits you. The fire elemental burns you!
* * * LOW HITPOINT WARNING * * *
The deep elf pyromancer hits you with a +2 long sword of holy wrath.
* * * LOW HITPOINT WARNING * * *
The fire elemental hits you.
* * * LOW HITPOINT WARNING * * *
The fire elemental burns you!
You die...

▓▓▓▓▓▓ ▓▓▓ .....♣
♣.############ ....♣♣
♣.#___#___#__# .....♣
♣.#!..#__.#)_# ....≈♣
♣♣.###'#E###÷##
...≈≈♣♣♣♣..#....@e....#
..≈≈≈≈...♣.'.⌠........#
..≈≈≈≈≈≈.♣.#...######+#
.≈≈≈≈≈≈....#.⌠.#
.≈≈≈≈≈.....#...#
.≈≈≈.......#+###
...........#
...........#
▓▓▓▓▓▓▓▓▓▓▓▓


You could see a deep elf pyromancer and a fire elemental (summoned).

Vanquished Creatures
  A water elemental (D)
  A necrophage (D)
  Jessica (D)
  A necromancer (D)
  3 humans (D)
  A phantom (D)
  An endoplasm (D)
  2 rats (D)
11 creatures vanquished.

Vanquished Creatures (others)
  A plant (D)
1 creature vanquished.

Grand Total: 12 creatures vanquished

Notes
Turn   | Place    | Note
-------+----------+-------------------------------------------
     0 | D        | mhtbhm the Minotaur Berserker began the quest for the Orb.
     0 | D        | Reached XP level 1. HP: 19/19 MP: 0/0
    10 | D        | Noticed Jessica
    14 | D        | Reached ** piety under Trog
    16 | D        | Killed Jessica
    17 | D        | Reached skill level 5 in Fighting
    17 | D        | Reached skill level 5 in Long Blades
    17 | D        | Reached XP level 2. HP: 12/30 MP: 1/1
    17 | D        | Reached XP level 3. HP: 14/37 MP: 2/2
   273 | D        | Gained mutation: You are frail. (-10% HP) [potion of
                  | mutation]
   273 | D        | Gained mutation: You occasionally shout uncontrollably at
                  | your foes. [potion of mutation]
   273 | D        | Gained mutation: Your mind is acute. (Int +2) [potion of
                  | mutation]
   309 | D        | Lost mutation: Your mind is acute. (Int +2) [potion of
                  | mutation]
   309 | D        | Lost mutation: You are frail. (-10% HP) [potion of
                  | mutation]
   309 | D        | Lost mutation: You occasionally shout uncontrollably at
                  | your foes. [potion of mutation]
   309 | D        | Gained mutation: You are dopey. (Int -2) [potion of
                  | mutation]
   309 | D        | Gained mutation: You have a pair of large horns on your
                  | head. [potion of mutation]
   310 | D        | Noticed a water elemental
   315 | D        | Killed a water elemental
   315 | D        | Reached *** piety under Trog
   316 | D        | Reached XP level 4. HP: 48/48 MP: 3/3
   366 | D        | Found a basalt altar of Yredelemnul.
   366 | D        | Found a shadowy altar of Dithmenos.
   366 | D        | Found a sacrificial altar of Ru.
   366 | D        | Noticed a necrophage
   371 | D        | Killed a necrophage
   372 | D        | Reached XP level 5. HP: 56/56 MP: 4/4
   549 | D        | Found a hide-covered altar of Uskayaw.
   549 | D        | Found an iron altar of Okawaru.
   549 | D        | Found a bloodstained altar of Trog.
   549 | D        | Found an ornate altar of the Wu Jian Council.
   549 | D        | Noticed a human
   550 | D        | Noticed a human
   553 | D        | Killed a human
   554 | D        | Reached skill level 10 in Fighting
   554 | D        | Reached skill level 10 in Long Blades
   554 | D        | Reached skill level 5 in Armour
   554 | D        | Reached skill level 5 in Dodging
   554 | D        | Reached XP level 6. HP: 67/67 MP: 5/5
   560 | D        | Killed a human
   560 | D        | Reached **** piety under Trog
   607 | D        | Found a glowing silver altar of Zin.
   607 | D        | Found a glowing golden altar of the Shining One.
   607 | D        | Found a white marble altar of Elyvilon.
   607 | D        | Noticed a deep elf pyromancer
   618 | D        | Noticed a fire elemental
   624 | D        | Slain by a fire elemental

Illustrated notes

Levels and vault maps discovered:
D:        dungeon_sprint_mu [sprint_mu_entry_forest, sprint_mu_temple_rooms,
          sprint_mu_d1_horrors, sprint_mu_d2_genie, sprint_mu_d3_branching,
          sprint_mu_orc_legion, sprint_mu_elf_gauntlet, sprint_mu_hive_nellie,
          sprint_mu_lair_fedhas, sprint_mu_vaults_butterflies,
          sprint_mu_slime_circle, sprint_mu_swamp_cave, sprint_mu_snake_twists,
          sprint_mu_blade_basic, sprint_mu_crypt_fortress,
          sprint_mu_tomb_spiral, sprint_mu_vestibule_basic,
          sprint_mu_gehenna_hellfire, sprint_mu_dis_giant,
          sprint_mu_tartarus_statrot, sprint_mu_cocytus_islands, sprint_mu_zot1]

Skill      XL: |  1  2  3  4  5  6 |
---------------+-------------------+-----
Fighting       | 5 7 8 10 11 | 11.3
Long Blades    | 5 7 8 10 11 | 11.6
Armour         | 3 4 5 |  5.7
Dodging        | 3 4 5 6 |  6.2
Stealth        | |  0.6

Action                   |  1- 3 |  4- 6 || total
-------------------------+-------+-------++-------
Melee: Falchion          |    26 |    31 ||    57
       Headbutt          |     3 |     5 ||     8
Invok: Berserk           |     3 |     2 ||     5
  Use: Potion            |     3 |     1 ||     4
Armor: Animal skin       |     2 |     1 ||     3
       Scale mail        |       |     5 ||     5
Dodge: Dodged            |    14 |     6 ||    20

Table legend: (Time is in decaauts)
 A = Elapsed time spent in this place.
 B = Non-inter-level travel time spent in this place.
 C = Inter-level travel time spent in this place.
 D = Time resting spent in this place.
 E = Time spent auto-exploring this place.
 F = Levels seen in this place.
 G = Mean time per level.
                   A        B        C        D        E       F      G
               +--------+--------+--------+--------+--------+-----+--------+
         Total |    675 |    675 |      0 |    447 |     34 |   1 |  675.0 |
       Dungeon |    675 |    675 |      0 |    447 |     34 |   1 |  675.0 |
               +--------+--------+--------+--------+--------+-----+--------+

Top non-repeatable levels by time:
       D: 675 daAuts
